 Dungeon Crawl Stone Soup version 0.31-a0-853-gc9b61b7 (webtiles) character file.

Game seed: 13226620134080654977

221 seeu12 the Sneak (level 5, -1/27 HPs)
             Began as a Vine Stalker Brigand on Oct 8, 2023.
             Killed by nerve-wracking pain
             ... invoked by an orc priest
              (7 damage)
             ... on level 3 of the Dungeon.
             The game lasted 00:03:07 (2067 turns).

seeu12 the Sneak (Vine Stalker Brigand)             Turns: 2067, Time: 00:03:07

Health: -1/27      AC:  4    Str: 14    XL:     5   Next: 98%
Magic:  0/7        EV: 11    Int: 11    God:
Gold:   65         SH:  0    Dex: 17    Spells: 5/5 levels left

rFire   . . .        a - +2 dagger
rCold   . . .        (no shield)
rNeg    . . .        l - +0 leather armour
rPois   +            (no helmet)
rElec   .            c - +0 cloak
rCorr   .            (no gloves)
SInv    .            (no boots)
Will    .....        (no amulet)
Stlth   +++          h - ring of poison resistance
HPRegen 1.04/turn    (no ring)
MPRegen 0.10/turn

%: guardian spirit
@: no status effects
A: fangs 2, regeneration 1, magic shield, antimagic bite, no potion heal 2
a: no special abilities


You were on level 3 of the Dungeon.
You visited 1 branch of the dungeon, and saw 3 of its levels.
You also visited: Sewer.

You collected 65 gold pieces.

Inventory:

Hand Weapons
 a - a +2 dagger (weapon)
 k - a +0 rapier
Missiles
 d - 9 poisoned darts (quivered)
 e - 3 curare-tipped darts
Armour
 c - a +0 cloak (worn)
 l - a +0 leather armour (worn)
Jewellery
 h - a ring of poison resistance (left hand)
 r - a +4 ring of protection
Wands
 p - a wand of polymorph (6)
Scrolls
 g - a scroll of identify {unknown}
 o - a scroll of revelation {unknown}
 q - a scroll of butterflies {unknown}
Potions
 b - a potion of berserk rage {unknown}
 f - a potion of attraction {unknown}
 i - 2 potions of might {unknown}
 j - 2 potions of heal wounds {unknown}
 m - a potion of brilliance {unknown}
 n - 2 potions of mutation {unknown}


   Skills:
 + Level 2.4 Fighting
 + Level 2.8 Short Blades
 - Level 2.1 Throwing
 - Level 1.5 Armour
 - Level 1.2 Dodging
 - Level 6.6 Stealth
 + Level 0.9 Spellcasting


You had 5 spell levels left.
You didn't know any spells.
Your spell library contained the following spells:

 Spells                   Type           Power      Damage    Failure   Level
 Gell's Gravitas          Tloc           0%         N/A       77%         3
 Teleport Other           Tloc           0%         N/A       77%         3
 Dispersal                Tloc           0%         N/A       100%        6


Dungeon Overview and Level Annotations

Branches:
Dungeon (3/15)              Sewer (visited)

Altars:


Innate Abilities, Weirdness & Mutations

You have extremely sharp teeth.
Your natural rate of healing is unusually fast.
When hurt, damage is shared between your health and your magic reserves.
Your bite disrupts and absorbs the magic of your enemies.
Potions cannot restore your health.


Message History

The orc priest barely misses you. The rat bites you but does no damage.
You hit the orc priest but do no damage.
You bite the orc priest, but do no damage.
The orc priest is severely wounded.
The orc priest invokes the aid of Beogh against you.
Beogh smites you! The rat bites you but does no damage.
You hit the orc priest but do no damage.
The orc priest is severely wounded.
The orc priest barely misses you. The rat bites you.
You hit the orc priest. Your bite misses the orc priest.
The orc priest is severely wounded.
The orc priest mumbles some strange prayers to Beogh against you.
Beogh smites you!
* * * LOW HITPOINT WARNING * * *
The rat barely misses you.
You are too injured to fight recklessly!
You are too injured to fight recklessly!
You are too injured to fight recklessly!
You are too injured to fight recklessly!
You are too injured to fight recklessly!
You are too injured to fight recklessly!
You are too injured to fight recklessly!
You are too injured to fight recklessly!
You are too injured to fight recklessly!
You are too injured to fight recklessly!
You are too injured to fight recklessly!
You are too injured to fight recklessly!
You are too injured to fight recklessly!
You completely miss the orc priest.
You bite the orc priest, but do no damage.
The orc priest is severely wounded.
You barely miss the orc priest.
The orc priest is severely wounded.
The orc priest barely misses you. The rat misses you.
You hit the orc priest.
You bite the orc priest, but do no damage.
The orc priest is almost dead.
The orc priest invokes the aid of Beogh against you.
Pain shoots through your body!
You die...

#..... ##....
..... #.... ##
...###.# $o.#.##
#or.o.# #@#.#
#...# ##..##.####
#........#..
#######.###.##.#.#
.....$......##.#.#
#######†######.#.#
##.#.# #.#.#
##.###.# #.#.#


You could see 2 orc priests, an orc and a rat.

Vanquished Creatures
  Pargi (Sewer)
  Natasha (twice) (D:3)
  2 adders
  A worm (D:2)
  2 dart slugs
  2 orcs (D:3)
  3 ball pythons (D:2)
  6 endoplasms
  2 giant cockroaches (D:3)
  5 goblins
  3 hobgoblins
  6 quokkas
  5 bats
  3 frilled lizards
  2 kobolds
  4 rats
49 creatures vanquished.

Notes
Turn   | Place    | Note
-------+----------+-------------------------------------------
     0 | D:1      | seeu12 the Vine Stalker Brigand began the quest for the
                  | Orb.
     0 | D:1      | Reached XP level 1. HP: 11/11 MP: 2/2
   149 | D:1      | Reached skill level 5 in Stealth
   157 | D:1      | Reached XP level 2. HP: 15/15 MP: 3/3
  1032 | D:2      | Reached XP level 3. HP: 18/18 MP: 4/4
  1406 | D:2      | Reached skill level 1 in Armour
  1763 | D:3      | Reached XP level 4. HP: 23/23 MP: 5/5
  1771 | D:3      | Reached skill level 6 in Stealth
  1801 | D:3      | Found a glowing drain.
  1806 | Sewer    | Entered a sewer
  1876 | Sewer    | Noticed Pargi
  1878 | Sewer    | Killed Pargi
  1879 | Sewer    | Reached skill level 1 in Dodging
  1879 | Sewer    | Reached XP level 5. HP: 26/26 MP: 6/6
  2012 | D:3      | Noticed Natasha
  2023 | D:3      | Killed Natasha
  2036 | D:3      | Noticed Natasha
  2047 | D:3      | Killed Natasha
  2067 | D:3      | Killed from afar by an orc priest

Illustrated notes

Levels and vault maps discovered:
D:1:      saegor_arrival_simple_d, layout_basic
D:2:      layout_loops_cross
D:3:      layout_loops_ring, gup_sewer_entry_spiral, kennysheep_generic_room_5,
          uniq_natasha, uniq_sigmund

Skill      XL: |  1  2  3  4 |
---------------+-------------+-----
Throwing       | 2 |  2.1
Stealth        | 5 6 |  6.6
Armour         | 1 |  1.5
Fighting       | 2 |  2.4
Short Blades   | 2 |  2.8
Dodging        | 1 |  1.2
Spellcasting   | |  0.9

Action                     |  1- 3 |  4- 6 || total
---------------------------+-------+-------++-------
  Melee: Dagger            |    93 |    59 ||   152
         Bite              |    19 |    18 ||    37
         Punch             |       |     2 ||     2
   Stab: Sleeping          |    15 |     6 ||    21
 Armour: Robe              |     9 |       ||     9
         Leather armour    |    25 |    32 ||    57
  Dodge: Dodged            |    36 |    31 ||    67

Table legend: (Time is in decaauts)
 A = Elapsed time spent in this place.
 B = Non-inter-level travel time spent in this place.
 C = Inter-level travel time spent in this place.
 D = Time resting spent in this place.
 E = Time spent auto-exploring this place.
 F = Levels seen in this place.
 G = Mean time per level.
                   A        B        C        D        E       F      G
               +--------+--------+--------+--------+--------+-----+--------+
         Total |   2089 |   1996 |     93 |     10 |   1567 |   4 |  522.2 |
       Dungeon |   1968 |   1875 |     93 |     10 |   1486 |   3 |  656.0 |
         Sewer |    121 |    121 |      0 |      0 |     81 |   1 |  121.0 |
               +--------+--------+--------+--------+--------+-----+--------+

Top non-repeatable levels by time:
     D:1: 989 daAuts
     D:2: 712 daAuts
     D:3: 266 daAuts
   Sewer: 121 daAuts
